 Dungeon Crawl Stone Soup version 0.19-a0-1170-g18f0c96 (webtiles) character file.

160 jacquesderrida the Cudgeler (level 5, -2/47 HPs)
             Began as a Minotaur Warper on Aug 17, 2016.
             Killed from afar by an orc wizard (7 damage)
             ... with a puff of flame
             ... on level 4 of the Dungeon.
             The game lasted 00:03:58 (1013 turns).

jacquesderrida the Cudgeler (Minotaur Warper)       Turns: 1013, Time: 00:04:00

Health: -2/47      AC:  3    Str: 16    XL:     5   Next: 17%
Magic:  6/6        EV: 12    Int: 10    God:
Gold:   99         SH:  0    Dex: 10    Spells: 1 memorised, 5 levels left

rFire  . . .     SeeInvis .     l - +1 whip (flame)
rCold  . . .     Gourm    .     b - +0 leather armour
rNeg   . . .     Faith    .     (no shield)
rPois  .         Spirit   .     (helmet restricted)
rElec  .         Dismiss  .     (no cloak)
rCorr  .         Reflect  .     (no gloves)
MR     .....     Harm     .     (no boots)
Stlth  +.........               (no amulet)
                                (no ring)
                                m - ring of wizardry

@: very slightly contaminated, hasted, very quick
A: retaliatory headbutt, horns 2
a: no special abilities


You were on level 4 of the Dungeon.
You were hungry.

You visited 1 branch of the dungeon, and saw 4 of its levels.

You collected 99 gold pieces.

Inventory:

Hand Weapons
 a - a +0 mace
 g - a +1 dagger of electrocution
 l - a +1 whip of flaming (weapon)
Missiles
 e - 5 tomahawks of dispersal
 p - 6 poisoned needles
 s - 3 javelins (quivered)
Armour
 b - a +0 leather armour (worn)
Rods
 n - a +0 iron rod (14/14)
   (You found it on level 4 of the Dungeon)
Jewellery
 m - a ring of wizardry (left hand)
Scrolls
 d - 2 scrolls of blinking
 i - a scroll of immolation {unknown}
 j - 2 scrolls of recharging {unknown}
 r - a scroll of remove curse {unknown}
Potions
 o - a potion of resistance {unknown}
Books
 c - a book of Spatial Translocations

   Spells                             Type                      Level
   a - Apportation                    Translocation                1
   b - Blink                          Translocation                2
   c - Shroud of Golubria             Charms/Translocation         2
   d - Portal Projectile              Translocation                3
   e - Teleport Other                 Translocation                3
   f - Passage of Golubria            Translocation                4
Comestibles
 f - 3 bread rations
 h - 3 meat rations
 q - a beef jerky


   Skills:
 + Level 4.4 Fighting
 + Level 5.3 Maces & Flails
 - Level 1.0 Throwing
 - Level 1.2 Armour
 - Level 2.1 Dodging
 - Level 1.3 Spellcasting
 - Level 2.1 Translocations


You had 5 spell levels left.
You knew the following spells:

 Your Spells              Type           Power        Failure   Level  Hunger
a - Apportation           Tloc           #.........   7%          1    ##.....


Dungeon Overview and Level Annotations

Branches:
Dungeon (4/15)
 Temple: D:4-7

Altars:
Cheibriados
Pakellas
The Shining One

Annotations:
D:4 Edmund


Innate Abilities, Weirdness & Mutations

You reflexively headbutt those who attack you in melee.
You have a pair of horns on your head.


Message History

* * * LOW HITPOINT WARNING * * *
You are too injured to fight recklessly!
You are too injured to fight recklessly!
You are too injured to fight recklessly!
You hit the orc wizard but do no damage.
The orc wizard points at you and mumbles some strange words.
The magic dart hits you!
* * * LOW HITPOINT WARNING * * *
You barely miss the orc wizard. The orc wizard hits you with a dagger.
* * * LOW HITPOINT WARNING * * *
You hit the orc wizard. You burn the orc wizard.
The orc wizard is moderately wounded.
You whack the orc wizard! You burn the orc wizard.
The orc wizard is severely wounded.
The orc wizard hits you but does no damage.
You barely miss the orc wizard.
The orc wizard is severely wounded.
The orc wizard gestures at you while chanting.
The puff of flame hits you!
You die...

#.. ######.# ## #. ###
# # #. .#
#.8#####8.############
#...o...##...........
#@####..##########
#......## ########


You could see an orc wizard.

Vanquished Creatures
  An orc priest (D:4)
  An orc wizard (D:4)
  A worker ant (D:3)
  5 adders
  An adder skeleton (D:4)
  A dart slug (D:1)
  2 giant geckos
  2 orcs
  A ball python (D:1)
  2 goblins
  4 hobgoblins
  2 kobolds (D:1)
  A bat (D:2)
  3 giant newts
  5 rats
32 creatures vanquished.

Vanquished Creatures (others)
  A warg (D:3)
1 creature vanquished.

Grand Total: 33 creatures vanquished

Notes
Turn   | Place    | Note
-------+----------+-------------------------------------------
     0 | D:1      | jacquesderrida the Minotaur Warper began the quest for the Orb.
     0 | D:1      | Reached XP level 1. HP: 18/18 MP: 1/1
    98 | D:1      | Reached skill level 3 in Maces & Flails
   138 | D:1      | Reached XP level 2. HP: 25/25 MP: 3/3
   330 | D:3      | Found a snail-covered altar of Cheibriados.
   355 | D:4      | Reached skill level 4 in Maces & Flails
   355 | D:4      | Reached XP level 3. HP: 30/30 MP: 4/4
   377 | D:4      | Noticed Edmund
   382 | D:4      | Noticed a slave
   383 | D:4      | Noticed a slave
   399 | D:4      | Found a glowing golden altar of the Shining One.
   552 | D:3      | Reached XP level 4. HP: 19/38 MP: 5/5
   619 | D:3      | Found an oddly glowing altar of Pakellas.
   619 | D:3      | Noticed a warg
   626 | D:3      | Killed a warg
   627 | D:3      | Noticed a tentacled monstrosity
  1000 | D:4      | Reached skill level 5 in Maces & Flails
  1004 | D:4      | Reached XP level 5. HP: 19/47 MP: 6/6
  1013 | D:4      | Killed from afar by an orc wizard

Vault maps used:
D:1:      erik_arrival_blinker_ship
D:2:      lemuel_crystal_altar, bloody_makhleb
D:3:      minmay_wonky_spiral, lemuel_round_altar, old_standard_altar,
          first_bread, hangedman_decor_riveting, gammafunk_pakellas_its_alive,
          uniq_crazy_yiuf_cottage
D:4:      lemuel_zombie_altar_yredelemnul, grunt_ministairs_11,
          nrook_mini_backslash, tso_metal_star, uniq_pikel, uniq_edmund

Skill      XL: |  1  2  3  4 |
---------------+-------------+-----
Maces & Flails | 3 4 5 |  5.3
Fighting       | 3 4 |  4.4
Throwing       | |  1.0
Armour         | |  1.2
Dodging        | |  2.1
Spellcasting   | |  1.3
Translocations | |  2.1

Action                   |  1- 3 |  4- 6 || total
-------------------------+-------+-------++-------
Melee: Mace              |    16 |       ||    16
       Headbutt          |     5 |     4 ||     9
       Dagger            |    13 |       ||    13
       Whip              |    20 |    45 ||    65
Evoke: Rod               |     2 |       ||     2
  Use: Potion            |       |     1 ||     1
  Eat: Chunk             |       |     1 ||     1
Armor: Leather armour    |     8 |     2 ||    10
Dodge: Dodged            |    42 |    15 ||    57
